 Dungeon Crawl Stone Soup version 0.30-a0-540-g0af01429fa (webtiles) character file.

Game seed: 1590798059964717608

10231 Newt the Prestidigitator (level 11, -4/121 HPs)
             Began as a Demonspawn Gladiator on Dec 25, 2022.
             Was a High Priest of Okawaru.
             Slain by a wraith (7 damage)
             ... on level 10 of the Dungeon.
             The game lasted 00:13:01 (8425 turns).

Newt the Prestidigitator (Demonspawn Gladiator)     Turns: 8425, Time: 00:13:01

Health: -4/121     AC: 25    Str: 23    XL:     11   Next: 33%
Magic:  14/14      EV:  2    Int: 13    God:    Okawaru [*****.]
Gold:   606        SH:  0    Dex: 14    Spells: 10/10 levels left

rFire   . . .      SeeInvis .    i - +1 mace (spect)
rCold   . . .      Faith    .    Q - +0 buckler
rNeg    . . .      Spirit   .    (body armour currently unavailable)
rPois   +          Reflect  .    (helmet currently unavailable)
rElec   .          Harm     .    (cloak currently unavailable)
rCorr   .          Rampage  .    (gloves currently unavailable)
Will    .....      NoTele   +    (boots currently unavailable)
Stlth   +                        q - amulet of Dityekur {Regen+ Str+3 Int+4}
HPRegen 1.20/turn                j - +4 ring of evasion
MPRegen 0.14/turn                A - ring of flight

@: confused, brilliant, tree-form
A: stationary, stasis, torment immunity, boosted hp, (horns 1), (yellow scales
2), (demonic guardian 2), powered by death 1
a: Renounce Religion, Heroism, Finesse, Duel


You were on level 10 of the Dungeon.
You worshipped Okawaru.
Okawaru was extremely pleased with you.
You were a tree.
You visited 1 branch of the dungeon, and saw 10 of its levels.
You also visited: Sewer.

You collected 606 gold pieces.

Inventory:

Hand Weapons
 a - a +0 rapier
 i - a +1 spectral mace (weapon)
 N - a +3 vorpal mace
Missiles
 d - 5 throwing nets (quivered)
 e - 10 javelins
 k - 45 poisoned darts
 F - a silver javelin
 K - 4 boomerangs of dispersal
 L - an atropa-tipped dart
 O - 4 curare-tipped darts
Armour
 b - a +1 leather armour
 c - a +0 helmet
 u - a +0 chain mail
 J - a +0 troll leather armour
 P - the +3 leather armour "Govuga" (melded) {rCorr Dex+4}
   (You found it on level 9 of the Dungeon)

   Dex:       It affects your dexterity (+4).
   rCorr:     It protects you from acid and corrosion.
 Q - a +0 buckler (worn)
Jewellery
 g - a ring of protection from fire
 j - a +4 ring of evasion (left branch)
 q - the amulet of Dityekur (around neck) {Regen+ Str+3 Int+4}
   (You found it on level 3 of the Dungeon)

   [amulet of regeneration]

   Str:       It affects your strength (+3).
   Int:       It affects your intelligence (+4).
   Regen:     It increases your rate of health regeneration.
 s - a ring of poison resistance
 A - a ring of flight (right branch)
 G - a ring of protection from cold
Wands
 l - a wand of charming (3)
 D - a wand of roots (22)
 H - a wand of polymorph (10)
Scrolls
 h - 4 scrolls of vulnerability
 w - 3 scrolls of teleportation
 x - a scroll of enchant armour
 y - 3 scrolls of fog
 C - a scroll of amnesia
 E - 2 scrolls of fear
 M - 2 scrolls of identify
Potions
 f - 3 potions of degeneration
 m - a potion of mutation
 n - a potion of magic
 o - 2 potions of might
 p - a potion of curing
 r - a potion of attraction
 t - 2 potions of lignification
 v - 2 potions of brilliance
 z - a potion of haste
 B - a potion of resistance
 I - 2 potions of flight


   Skills:
 - Level 6.0 Fighting
 - Level 2.6 Short Blades
 - Level 8.0 Maces & Flails
 + Level 8.4 Throwing
 - Level 5.0 Armour
 - Level 2.6 Dodging
 - Level 2.0 Stealth
 - Level 0.4 Spellcasting
 - Level 5.0 Invocations
 + Level 9.0 Evocations


You had 10 spell levels left.
You didn't know any spells.
Your spell library contained the following spells:

 Spells                   Type           Power      Damage    Failure   Level
 Sting                    Tmut/Pois      0%         1d3       38%         1
 Poisonous Vapours        Pois/Air       0%         N/A       52%         2
 Frozen Ramparts          Ice            0%         1d1       77%         3
 Ice Form                 Ice/Tmut       0%         N/A       99%         4
 Olgreb's Toxic Radiance  Pois           0%         N/A       99%         4
 Summon Ice Beast         Ice/Summ       Unusable   N/A       N/A         4

Dungeon Overview and Level Annotations

Branches:
Dungeon (10/15)            Temple (0/1) D:7            Lair (0/5) D:9
  Sewer (visited)
    Orc: D:9-12

Altars:
Okawaru

Shops:
D:5 *   D:8 [::


Innate Abilities, Weirdness & Mutations

You are a tree.
Your roots penetrate the ground, keeping you stationary.
You cannot be teleported.
You are immune to unholy pain and torment.
Your maximum health is greatly increased.
Your equipment is partially melded.
((You have a pair of small horns on your head.))
((You are mostly covered in yellow scales. (AC +3)))
((A demonic guardian rushes to your aid.))
You regenerate a little health from kills.


Message History

Something hits you but does no damage.
The orc warrior hits you but does no damage.
The orc priest hits you with a +0 flail.
* * * LOW HITPOINT WARNING * * *
Unknown command.
You thump Gastronok!
Gastronok is almost dead.
Your +1 spectral mace hits Gastronok!
You kill Gastronok!
Okawaru is honoured by your kill. Okawaru grants you armour!
Something appears at your feet!
You see here the +1 chain mail of Foolhardiness {Will+}.
The rat disappears in a puff of smoke!
The wraith barely misses you. Something hits you.
* * * LOW HITPOINT WARNING * * *
Something hits you.
* * * LOW HITPOINT WARNING * * *
The orc warrior barely misses you.
The orc priest invokes the aid of Beogh against you.
You struggle to resist.
Your Evocations skill increases to level 9!
Something hits you but does no damage. The wraith attacks as you move away!
The wraith closely misses you.
The orc warrior hits you with a +0 short sword.
* * * LOW HITPOINT WARNING * * *
Unknown command.
You feel clever all of a sudden. Something barely misses you.
Something hits you.
* * * LOW HITPOINT WARNING * * *
The orc warrior completely misses you. The wraith closely misses you.
Really quaff the potion of lignification?
You turn into a tree.
The +3 leather armour "Govuga" {rCorr Dex+4} melds into your body.
Your roots penetrate the ground.
Something hits you.
* * * LOW HITPOINT WARNING * * *
Something hits you but does no damage.
The orc warrior hits you but does no damage.
The wraith hits you!
You die...

## #........(.........#
.#.# ##..............####
....##.....!........## #
....................## ##
......./.......#.....###.
#............###........
###...........##..#......
#......[oo.....#..###....
.......{♣......##.......#
#......W..........##....#
#.#......<..##...# ##...#
# ##.#......# #.## #.###
......##### ## ###
.......# ......## ..#.#


You could see a wraith, an orc warrior and an orc priest.

Vanquished Creatures
  Gastronok (D:10)
  Harold (D:9)
  3 two-headed ogres
  A kobold demonologist (D:9)
  A troll (D:9)
  A shadow (D:9)
  7 yaks (D:9)
  A redback (D:8)
  5 water moccasins
  3 ice beasts
  3 orc warriors (D:9)
  7 black bears
  An ogre (D:5)
  10 kobold brigands
  8 bullfrogs
  2 scorpions
  17 wights (D:9)
  A killer bee (D:8)
  A howler monkey (D:8)
  4 electric eels (D:8)
  2 jellies (D:6)
  2 orc priests
  A hound (D:4)
  Ijyb (D:2)
  2 iguanas
  6 orc wizards
  10 adders
  4 gnolls (D:5)
  6 river rats (D:8)
  3 white imps
  3 ufetubi
  3 worms
  3 dart slugs
  26 orcs
  23 ball pythons
  3 bats
  8 endoplasms
  7 giant cockroaches
  10 goblins
  11 hobgoblins
  45 kobolds
  12 quokkas
  5 frilled lizards
  27 rats
301 creatures vanquished.

Vanquished Creatures (others)
  40 fungi (D:9)
  61 plants
101 creatures vanquished.

Grand Total: 402 creatures vanquished

Notes
Turn   | Place    | Note
-------+----------+-------------------------------------------
     0 | D:1      | Newt the Demonspawn Gladiator began the quest for the Orb.
     0 | D:1      | Reached XP level 1. HP: 16/16 MP: 1/1
   171 | D:1      | Reached skill level 1 in Stealth
   260 | D:1      | Found a faded altar of an unknown god.
   287 | D:1      | Gained mutation: You have a pair of small horns on your
                  | head. [demonic ancestry]
   287 | D:1      | Reached XP level 2. HP: 22/22 MP: 2/2
  1079 | D:1      | Gained mutation: You are partially covered in yellow
                  | scales. (AC +2) [demonic ancestry]
  1079 | D:1      | Reached XP level 3. HP: 28/28 MP: 3/3
  1308 | D:2      | Noticed Ijyb
  1368 | D:2      | Killed Ijyb
  1369 | D:2      | Reached XP level 4. HP: 30/37 MP: 4/4
  1786 | D:2      | Reached skill level 1 in Maces & Flails
  2245 | D:3      | Found an iron altar of Okawaru.
  2255 | D:3      | Became a worshipper of Warmaster Okawaru
  2319 | D:3      | Identified the amulet of Dityekur {Regen+ Str+3 Int+4}
  2736 | D:4      | Gained mutation: You regenerate a little health from kills.
                  | [demonic ancestry]
  2736 | D:4      | Reached XP level 5. HP: 42/42 MP: 5/5
  2921 | D:4      | Reached * piety under Okawaru
  2922 | D:4      | Reached XP level 6. HP: 48/48 MP: 6/6
  2984 | D:4      | Found a glowing drain.
  3002 | Sewer    | Entered a sewer
  3762 | D:5      | Entered Level 5 of the Dungeon
  3767 | D:5      | Noticed a two-headed ogre
  3782 | D:5      | Killed a two-headed ogre
  3782 | D:5      | Reached ** piety under Okawaru
  3783 | D:5      | Gained mutation: You are mostly covered in yellow scales.
                  | (AC +3) [demonic ancestry]
  3783 | D:5      | Reached XP level 7. HP: 16/54 MP: 7/7
  4179 | D:5      | Noticed a two-headed ogre
  4195 | D:5      | Killed a two-headed ogre
  4195 | D:5      | Reached *** piety under Okawaru
  4196 | D:5      | Reached skill level 5 in Armour
  4196 | D:5      | Reached skill level 4 in Evocations
  4196 | D:5      | Gained mutation: A weak demonic guardian rushes to your
                  | aid. [demonic ancestry]
  4196 | D:5      | Reached XP level 8. HP: 39/60 MP: 8/8
  4225 | D:5      | Found Coulotuix's Gadget Gallery.
  4677 | D:5      | Reached **** piety under Okawaru
  5256 | D:6      | Reached skill level 5 in Fighting
  5256 | D:6      | Gained mutation: A demonic guardian rushes to your aid.
                  | [demonic ancestry]
  5256 | D:6      | Reached XP level 9. HP: 61/68 MP: 9/9
  5445 | D:6      | Identified the +2 robe "Jiemeimp" {Int+2 Dex+3}
  5859 | D:7      | Received a gift from Okawaru
  5956 | D:7      | Found a staircase to the Ecumenical Temple.
  6325 | D:8      | Found Qofefu's Antique Armour Shop.
  6375 | D:8      | Found Irgho's Book Emporium.
  6473 | D:8      | Found Wujoor's Book Boutique.
  6657 | D:8      | Received a gift from Okawaru
  6830 | D:8      | Reached skill level 1 in Invocations
  7129 | D:8      | Reached skill level 5 in Invocations
  7226 | D:9      | Reached ***** piety under Okawaru
  7325 | D:9      | Noticed a troll
  7331 | D:9      | Killed a troll
  7332 | D:9      | Reached XP level 10. HP: 57/76 MP: 13/13
  7383 | D:9      | Received a gift from Okawaru
  7384 | D:9      | Reached skill level 5 in Evocations
  7392 | D:9      | Reached skill level 5 in Throwing
  7408 | D:9      | Received a gift from Okawaru
  7466 | D:9      | Reached skill level 6 in Evocations
  7542 | D:9      | Reached skill level 7 in Evocations
  7559 | D:9      | Identified the +4 rapier of Zypser {pain, rElec rN++ rCorr
                  | Int-5} (Okawaru gifted it to you on level 9 of the Dungeon)
  7559 | D:9      | Received a gift from Okawaru
  7736 | D:9      | Found a staircase to the Lair.
  7843 | D:9      | Noticed Harold
  7866 | D:9      | Killed Harold
  7867 | D:9      | Reached skill level 8 in Evocations
  7867 | D:9      | Reached XP level 11. HP: 21/81 MP: 12/14
  7916 | D:9      | Identified the +3 leather armour "Govuga" {rCorr Dex+4}
  8164 | D:9      | Noticed a two-headed ogre
  8172 | D:9      | Killed a two-headed ogre
  8359 | D:10     | Entered Level 10 of the Dungeon
  8399 | D:10     | Noticed Gastronok
  8422 | D:10     | Killed Gastronok
  8422 | D:10     | Identified the +1 chain mail of Foolhardiness {Will+}
                  | (Okawaru gifted it to you on level 10 of the Dungeon)
  8422 | D:10     | Received a gift from Okawaru
  8423 | D:10     | Reached skill level 9 in Evocations
  8423 | D:10     | HP: 2/81 [orc warrior/+0 short sword (6)]
  8425 | D:10     | Slain by a wraith

Illustrated notes

Levels and vault maps discovered:
D:1:      wander_arrival_desolate, layout_basic, serial_forest,
          infiniplex_forest_clump_diagonal, infiniplex_forest_straight_5,
          infiniplex_forest_zigzag_2, infiniplex_forest_zigzag_2,
          infiniplex_forest_clump_tiny, infiniplex_forest_lined_3_way,
          infiniplex_forest_lined_4_way, infiniplex_forest_end_1,
          nicolae_ecumenical_snake_handling
D:2:      kennysheep_the_goblin_king, layout_loops_corners,
          minmay_small_reverse_x
D:3:      layout_rooms, kennysheep_okawaru_gauntlet
D:4:      minmay_chambers_of_twos, layout_loops_cross, gup_sewer_entry_glass,
          st_stairs_2, uniq_ijyb
D:5:      kennysheep_kobold_camp, layout_loops_corners, serial_bayou_ford_a,
          nicolae_shop_gadgets
D:6:      layout_gridville
D:7:      layout_basic, minmay_temple_entry_glassed_door
D:8:      lemuel_ratsnest, layout_rooms, mainiacjoe_overflow_24_doors,
          serial_shops, nicolae_shop_statue_plus, nicolae_shop_hallway_stairs,
          nicolae_stop_n_shop_2, kennysheep_island_fort
D:9:      layout_gridville, due_lair_maze_entry_diamond, special_room
          [special_room_kobold], hangedman_abyss_or_decor_passed, uniq_harold
D:10:     layout_cave_pools, orc_0_dummy, enter_trove_1,
          kennysheep_just_a_vault, uniq_gastronok

Skill      XL: |  1  2  3  4  5  6  7  8  9 10 11 |
---------------+----------------------------------+-----
Stealth        | 1 2 |  2.0
Fighting       | 3 4 5 6 |  6.0
Maces & Flails | 2 3 6 8 |  8.0
Armour         | 3 5 |  5.0
Evocations     | 4 8 9 |  9.0
Throwing       | 2 4 7 8 |  8.4
Invocations    | 5 |  5.0
Short Blades   | |  2.6
Dodging        | |  2.6
Spellcasting   | |  0.4

Action                   |  1- 3 |  4- 6 |  7- 9 | 10-12 || total
-------------------------+-------+-------+-------+-------++-------
Melee: Rapier            |    62 |       |       |       ||    62
       Headbutt          |    14 |    34 |    56 |    59 ||   163
       Mace              |    35 |   272 |   278 |   193 ||   778
       Punch             |     2 |     1 |     2 |     6 ||    11
Throw: Throwing net      |       |     1 |     2 |     1 ||     4
Invok: Heroism           |       |       |       |     2 ||     2
  Use: Scroll            |       |    14 |     9 |       ||    23
       Potion            |       |       |     4 |     4 ||     8
 Stab: Sleeping          |     3 |     9 |       |     1 ||    13
       Held in net/web   |       |     2 |     2 |       ||     4
       Distracted        |       |       |     5 |     2 ||     7
Armor: Leather armour    |    23 |    23 |       |    14 ||    60
       Chain mail        |       |   127 |   147 |       ||   274
       Troll leather arm |       |       |       |    48 ||    48
       Skin              |       |       |       |     2 ||     2
Dodge: Dodged            |    61 |   210 |   275 |   221 ||   767
Block: Buckler           |       |       |       |     5 ||     5

Table legend: (Time is in decaauts)
 A = Elapsed time spent in this place.
 B = Non-inter-level travel time spent in this place.
 C = Inter-level travel time spent in this place.
 D = Time resting spent in this place.
 E = Time spent auto-exploring this place.
 F = Levels seen in this place.
 G = Mean time per level.
                   A        B        C        D        E       F      G
               +--------+--------+--------+--------+--------+-----+--------+
         Total |   8595 |   8198 |    397 |    467 |   5663 |  11 |  781.4 |
       Dungeon |   8175 |   7778 |    397 |    467 |   5418 |  10 |  817.5 |
         Sewer |    420 |    420 |      0 |      0 |    245 |   1 |  420.0 |
               +--------+--------+--------+--------+--------+-----+--------+

Top non-repeatable levels by time:
     D:5: 1354 daAuts
     D:1: 1152 daAuts
     D:9: 1134 daAuts
     D:2: 1067 daAuts
     D:8: 895 daAuts
     D:4: 738 daAuts
     D:6: 696 daAuts
     D:3: 539 daAuts
     D:7: 530 daAuts
   Sewer: 420 daAuts
    D:10: 66 daAuts
